 Dungeon Crawl Stone Soup version 0.18.1-48-g4cf74bf (webtiles) character file.

404 Anatei the Shield-Bearer (level 6, -1/48 HPs)
             Began as a Demonspawn Fighter on Aug 30, 2016.
             Killed by divine providence
             ... invoked by an orc priest
              (9 damage)
             ... on level 4 of the Dungeon.
             The game lasted 00:14:02 (3203 turns).

Anatei the Shield-Bearer (Demonspawn Fighter)       Turns: 3203, Time: 00:14:03

Health: -1/48      AC: 11    Str: 19    XL:     6   Next: 56%
Magic:  6/6        EV:  8    Int:  9    God:
Gold:   208        SH:  9    Dex: 11    Spells: 0 memorised, 5 levels left

rFire  + . .     SeeInvis .     a - +1 war axe
rCold  . . .     Gourm    .     b - +0 scale mail
rNeg   . . .     Faith    .     c - +0 shield
rPois  .         Spirit   .     (no helmet)
rElec  .         Dismiss  .     (no cloak)
rCorr  .         Reflect  .     (no gloves)
SustAt .         Harm     .     (no boots)
MR     .....                    (no amulet)
Stlth  ..........               (no ring)
                                (no ring)

@: not resistant to hostile enchantments, extremely unstealthy
A: rough black scales 1, demonic guardian 1, fire resistance 1
a: no special abilities


You were on level 4 of the Dungeon.
You were not hungry.

You visited 1 branch of the dungeon, and saw 4 of its levels.

You collected 208 gold pieces.

Inventory:

Hand Weapons
 a - a +1 war axe (weapon)
Armour
 b - a +0 scale mail (worn)
 c - a +0 shield (worn)
Jewellery
 p - a -3 ring of dexterity
 r - an uncursed ring of stealth
Scrolls
 e - a scroll of fog
 i - 4 scrolls of teleportation
 q - 2 scrolls of remove curse
Potions
 d - 3 potions of might
 g - a potion of curing {unknown}
 h - a potion of brilliance {unknown}
 m - a potion of flight
 o - a potion of berserk rage {unknown}
Comestibles
 n - a meat ration


   Skills:
 + Level 3.8 Fighting
 + Level 3.3 Axes
 + Level 3.8 Armour
 + Level 2.6 Dodging
 + Level 4.0 Shields


You had 5 spell levels left.
You didn't know any spells.

Dungeon Overview and Level Annotations

Branches:
Dungeon (4/15)
 Temple: D:4-7

Altars:
Ashenzari

Shops:
D:4 %


Innate Abilities, Weirdness & Mutations

You are partially covered in rough black scales (AC +4, Dex -1).
A weak demonic guardian rushes to your aid.
Your flesh is heat resistant.


Message History

You miss the orc wizard.
The orc wizard is heavily wounded.
Your crimson imp disappears in a puff of smoke!
The orc wizard barely misses you. The orc wizard hits you with a dagger.
* * * LOW HITPOINT WARNING * * *
The orc priest calls upon Beogh to heal the orc.
The orc's wounds heal themselves!
You block the orc's attack.
You barely miss the orc priest.
The orc priest is lightly wounded.
You slash the orc wizard!
You kill the orc wizard!
Your Shields skill increases to level 4!
You completely miss the orc wizard.
The orc wizard is heavily wounded.
You hit the orc.
The orc is heavily wounded.
The orc wizard hits you but does no damage.
The orc priest invokes the aid of Beogh against you.
Beogh smites you!
You die...

##########
#..........#
#..........#
#..........#
#..........#
#..........# ########
#..........# #.......
#...oo.....####.......
#...o@.(...#..'.......
#...)......#.##.......
#............##.......
###+###......##.......
#......##.......
#......##.......
#......##....†..
#......+........
#......####.....


You could see an orc priest, an orc wizard and an orc.

Vanquished Creatures
  A phantom (D:4)
  2 ogres (D:4)
  An orc wizard (D:4)
  A worker ant (D:4)
  6 adders
  2 oozes (D:3)
  A worm (D:3)
  A dart slug (D:4)
  3 giant geckos
  2 orcs (D:3)
  A ball python (D:3)
  10 bats
  2 giant cockroaches (D:3)
  9 goblins
  8 hobgoblins
  12 kobolds
  2 quokkas (D:3)
  A giant gecko skeleton (D:4)
  A giant newt (D:2)
  9 rats
75 creatures vanquished.

Vanquished Creatures (collateral kills)
  A giant frog skeleton (D:4)
1 creature vanquished.

Grand Total: 76 creatures vanquished

Notes
Turn   | Place    | Note
--------------------------------------------------------------
     0 | D:1      | Anatei the Demonspawn Fighter began the quest for the Orb.
     0 | D:1      | Reached XP level 1. HP: 18/18 MP: 1/1
   315 | D:1      | Gained mutation: You are partially covered in rough black scales (AC +4, Dex -1). [demonic ancestry]
   315 | D:1      | Reached XP level 2. HP: 23/24 MP: 2/2
   330 | D:1      | Reached skill level 3 in Shields
   803 | D:2      | Reached XP level 3. HP: 29/29 MP: 3/3
  1530 | D:3      | Gained mutation: A weak demonic guardian rushes to your aid. [demonic ancestry]
  1530 | D:3      | Reached XP level 4. HP: 35/35 MP: 4/4
  1633 | D:3      | Reached skill level 1 in Dodging
  1850 | D:3      | Found a shattered altar of Ashenzari.
  2389 | D:4      | Noticed an ogre
  2409 | D:4      | Killed an ogre
  2409 | D:4      | Gained mutation: Your flesh is heat resistant. [demonic ancestry]
  2409 | D:4      | Reached XP level 5. HP: 13/41 MP: 5/5
  2506 | D:4      | Found Daex's Food Shoppe.
  2576 | D:4      | Noticed a phantom
  2613 | D:4      | Killed a phantom
  2613 | D:4      | Reached XP level 6. HP: 10/48 MP: 6/6
  3203 | D:4      | Reached skill level 4 in Shields
  3203 | D:4      | Killed from afar by an orc priest

Skill      XL: |  1  2  3  4  5  6 |
---------------+-------------------+-----
Shields        | 3 4 |  4.0
Armour         | 3 |  3.8
Axes           | 2 3 |  3.3
Dodging        | 1 2 |  2.6
Fighting       | |  3.8

Action                   |  1- 3 |  4- 6 || total
-------------------------+-------+-------++-------
Melee: War axe           |   109 |   142 ||   251
  Use: Scroll            |     2 |     7 ||     9
       Potion            |       |     1 ||     1
 Stab: Distracted        |       |     1 ||     1
  Eat: Bread ration      |     1 |     1 ||     2
Armor: Scale mail        |    59 |    70 ||   129
Dodge: Dodged            |    32 |    54 ||    86
Block: Shield            |    59 |    75 ||   134
